 Dungeon Crawl Stone Soup version 0.22-a0-271-gc000056 (webtiles) character file.

250061 RoseArtemis the Hoplite (level 18, -2/172 HPs)
             Began as a Minotaur Fighter on Mar 10, 2018.
             Was the Champion of Okawaru.
             Drowned by a water elemental (6 damage)
             ... on level 4 of the Shoals.
             The game lasted 01:40:49 (48708 turns).

RoseArtemis the Hoplite (Minotaur Fighter)         Turns: 48708, Time: 01:40:50

Health: -2/172     AC: 26    Str: 33    XL:     18   Next: 89%
Magic:  23/23      EV:  8    Int: 15    God:    Okawaru [******]
Gold:   2733       SH:  0    Dex: 16    Spells: 17/17 levels left

rFire    + . .     SeeInvis .   Z - +9 war axe "Qukiacoh" {elec, Int+5 Stlth+}
rCold    + + .     Gourm    .   C - +0 shield of Poor Excuses {Str+8 Int+4}
rNeg     . . .     Faith    +   M - +7 Kryia's mail coat {PotionHeal*2 rC+}
rPois    .         Spirit   .   d - +2 hat {MR+}
rElec    .         Reflect  .   X - scarf {rC+ rF+}
rCorr    .         Harm     .   p - +2 pair of gloves {Str+3}
MR       +++..                  O - +1 pair of boots {Stlth+}
Stlth    ++........             L - amulet of faith
HPRegen  0.38/turn              I - +5 ring of evasion
MPRegen  0.18/turn              R - ring of protection from magic

@: engulfed (cannot breathe), held, invisible
A: retaliatory headbutt, horns 2
}: 2/15 runes: serpentine, barnacled
a: Heroism, Finesse, Renounce Religion


You were on level 4 of the Shoals.
You worshipped Okawaru.
Okawaru was exalted by your worship.
You were not hungry.

You visited 6 branches of the dungeon, and saw 32 of its levels.
You also visited: Ice Cave.

You collected 3281 gold pieces.
You spent 548 gold pieces at shops.

Inventory:

Hand Weapons
 a - the +7 morningstar "Tafresoj" {antimagic, rPois Str+5}
   (Okawaru gifted it to you on level 9 of the Dungeon)

   It reduces the magical energy of the wielder, and disrupts the spells and
   magical abilities of those hit.
   Natural abilities and divine invocations are not affected.
   It affects your strength (+5).
   It protects you from poison.
 b - the +6 eveningstar of Rotation {elec, rN+}
   (Okawaru gifted it to you on level 4 of the Lair of Beasts)

   Occasionally, upon striking a foe, it will discharge some electrical energy
   and cause terrible harm.
   It protects you from negative energy.
 k - the +5 trident of Somewhere Else {venom, rN+ Str+4 Int-2}
   (Okawaru gifted it to you on level 4 of the Shoals)

   It poisons the flesh of those it strikes.
   It affects your strength (+4).
   It affects your intelligence (-2).
   It protects you from negative energy.
 Z - the +9 war axe "Qukiacoh" (weapon) {elec, Int+5 Stlth+}
   (Okawaru gifted it to you on level 2 of the Snake Pit)

   Occasionally, upon striking a foe, it will discharge some electrical energy
   and cause terrible harm.
   It affects your intelligence (+5).
   It makes you more stealthy.
Armour
 d - a +2 hat of magic resistance (worn)
 p - a +2 pair of gloves of strength (worn)
 C - the +0 shield of Poor Excuses (worn) {Str+8 Int+4}
   (You found it on level 3 of the Shoals)

   It affects your strength (+8).
   It affects your intelligence (+4).
 M - the +7 Kryia's mail coat (worn) {PotionHeal*2 rC+}
   (Okawaru gifted it to you on level 6 of the Lair of Beasts)

   It protects you from cold.
 O - a +1 pair of boots of stealth (worn)
 T - a +2 cloak of magic resistance
 X - a scarf of resistance (worn)
Jewellery
 c - an uncursed ring of positive energy
 i - an uncursed ring of resist corrosion
 j - an uncursed ring of see invisible
 x - an uncursed ring of positive energy
 I - a +5 ring of evasion (left hand)
 J - the ring of Shadows {Umbra +Inv Stlth+}
   (You found it on level 4 of the Snake Pit)

   [ring of stealth]

   It lets you turn invisible.
   It makes you more stealthy.
 L - an amulet of faith (around neck)
 R - a ring of protection from magic (right hand)
 V - an uncursed amulet of regeneration
Wands
 h - a wand of flame (32)
 D - a wand of enslavement (46)
 E - a wand of paralysis (18)
 K - a wand of acid (10)
 N - a wand of digging (38)
 P - a wand of polymorph (44)
 Q - a wand of iceblast (22)
Scrolls
 e - 8 scrolls of teleportation
 l - 4 scrolls of fear
 m - 3 scrolls of magic mapping
 n - 6 scrolls of enchant armour
 o - 4 scrolls of amnesia
 q - a scroll of holy word {unknown}
 r - 3 scrolls of enchant weapon
 t - 15 scrolls of remove curse
 u - 4 scrolls of fog
 y - 2 scrolls of identify
 B - 3 scrolls of summoning
 W - 4 scrolls of blinking
Potions
 g - 2 potions of agility {unknown}
 s - a potion of ambrosia
 v - a potion of cancellation
 w - a potion of might
 F - 4 potions of flight
 G - 5 potions of brilliance
 H - 2 potions of invisibility
Comestibles
 f - 40 rations
 z - 4 chunks of flesh


   Skills:
 + Level 18.0 Fighting
 - Level 14.0(16.1) Axes
 - Level 13.7(16.0) Maces & Flails
 + Level 19.2 Armour
 * Level 21.3 Shields
 - Level 8.0 Invocations


You had 17 spell levels left.
You didn't know any spells.

Dungeon Overview and Level Annotations

Branches:
Dungeon (15/15)            Temple (1/1) D:4            Lair (6/6) D:8
 Shoals (4/4) Lair:3        Snake (4/4) Lair:2        Slime (0/5) Lair:5
    Orc (2/2) D:10            Elf (0/3) Orc:2        Vaults (0/5) D:13
 Depths (0/5) D:15

Altars:
Ashenzari
Cheibriados
Dithmenos
Elyvilon
Fedhas
Gozag
Hepliaklqana
Kikubaaqudgha
Makhleb
Nemelex Xobeh
Okawaru
Qazlal
Ru
Sif Muna
Trog
Uskayaw
Vehumet
Wu Jian
Xom
Yredelemnul
Zin
The Shining One
Beogh

Shops:
D:12 }   D:15 *   Orc:1 *   Orc:2 %**(   Shoals:1 *   Snake:2 =   Snake:3 *!

Portals:
Trove: D:15 (give 11 potions of heal wounds)

Annotations:
D:13 2 exclusions
Shoals:1 1 runed door


Innate Abilities, Weirdness & Mutations

You reflexively headbutt those who attack you in melee.
You have a pair of horns on your head.


Message History

The merfolk hits you but does no damage.
The water elemental closely misses you.
You struggle against the net.
* * * LOW HITPOINT WARNING * * *
Your lungs strain for air!
The merfolk hits you but does no damage.
The merfolk impaler hits you from afar with a vampiric trident.
* * * LOW HITPOINT WARNING * * *
The merfolk hits you but does no damage.
The merfolk impaler hits you from afar with a trident!!
* * * LOW HITPOINT WARNING * * *
The merfolk hits you from afar with a trident.
* * * LOW HITPOINT WARNING * * *
The water elemental barely misses you. You furiously retaliate!
You headbutt the water elemental! The merfolk impaler closely misses you.
Okay, then.
Okay, then.
Unknown command.
You fade into invisibility!
You die...

≈≈≈≈≈≈≈≈≈≈P...P....≈≈..#######≈≈≈
≈≈≈≈≈≈≈≈P.P..≈....≈≈.###≈#≈≈≈##≈≈
≈≈≈≈≈≈≈≈...........≈.# ≈≈≈≈≈≈≈##≈
≈≈≈≈≈≈...............###≈#≈#≈≈##≈
≈≈≈≈≈...........m....##≈≈≈=≈≈ #≈
≈≈≈≈...........mmmm..≈#≈≈#≈#≈##≈≈
≈≈≈≈......)...mmmmm..≈#†≈)≈≈≈≈##≈
≈≈≈......).....E(.....#≈≈###≈≈##.
≈≈≈≈......(.....@......##### #≈≈≈
≈≈≈≈....÷(((...........≈##≈###≈.≈
≈≈≈....≈≈(≈.............≈≈≈≈≈....
≈≈≈....≈≈≈≈)(...........≈≈≈≈≈....
≈≈≈...!≈(####≈..<......[.≈.≈≈≈...
≈≈≈....#######.............≈≈≈...
≈≈≈..##..#.#.###.[...........≈#≈#
≈≈≈..##...≈...##((..........≈#≈≈≈
≈≈≈..##..#.#.###[(.[...(....#≈≈≈≈


You could see 2 merfolk impalers, 8 merfolk and a water elemental.

Vanquished Creatures
  Jorgrun (Shoals:3)
  An Ice Fiend (IceCv)
  Rupert (D:13)
  Asterion (Snake:2)
  Polyphemus (Shoals:3)
  Gastronok (D:8)
  Kirke (Snake:2)
  11 nagarajas
  Roxanne (Snake:2)
  2 orc warlords (Orc:2)
  Ilsuiw (Shoals:4)
  A frost giant (Shoals:4)
  Louise (Shoals:3)
  10 merfolk impalers
  6 merfolk javelineers (Shoals:4)
  14 naga warriors
  6 hydras
  A catoblepas (Shoals:3)
  Fannar (D:10)
  5 vault guards (D:13)
  Erica (D:8)
  A centaur warrior (D:12)
  An alligator snapping turtle (Shoals:4)
  4 satyrs
  8 death yaks
  10 anacondas
  3 merfolk aquamancers
  2 merfolk avatars
  2 death knights
  19 two-headed ogres
  4 tengu warriors
  4 orc high priests (Orc:2)
  22 naga sharpshooters
  Sonja (D:13)
  Nergalle (Lair:3)
  5 shock serpents
  3 salamander mystics
  12 sea snakes
  An unseen horror (D:15)
  10 naga ritualists
  2 phantasmal warriors
  A necromancer (D:15)
  A wizard (D:13)
  5 orc knights
  2 deep elf magi
  11 harpies
  7 orc sorcerers
  A wolf spider (D:15)
  8 manticores
  12 mana vipers
  9 salamanders
  11 fauns
  3 ugly things
  6 elephants (Lair:6)
  8 cyclopes
  An ice statue (IceCv)
  26 naga magi
  2 guardian serpents
  5 merfolk sirens
  6 spiny frogs
  5 centaur skeletons
  Psyche (D:8)
  2 gargoyles
  4 water nymphs
  33 black mambas
  An efreet (D:14)
  A rime drake (Lair:3)
  3 komodo dragons
  A kobold demonologist (D:15)
  5 freezing wraiths
  6 yaktaurs
  3 anaconda simulacra (IceCv)
  7 ice devils (IceCv)
  2 tengu conjurers
  3 meliai (D:15)
  23 merfolk
  14 wind drakes
  4 hornets
  3 polar bears
  5 trolls
  3 slime creatures (D:12)
  Prince Ribbit (D:7)
  26 blink frogs
  11 hippogriffs
  17 dream sheep
  A shadow (D:13)
  11 snapping turtles
  9 water elementals
  12 spriggans (Lair:6)
  A wraith (D:15)
  14 yaks
  3 hogs (Snake:2)
  3 wyverns
  2 dire elephant simulacra (IceCv)
  2 hungry ghosts
  A basilisk (Lair:2)
  3 vampire mosquitoes (D:15)
  Menkaure (D:5)
  2 steam dragons (D:6)
  4 wargs
  48 nagas
  6 harpy simulacra (IceCv)
  2 iron troll simulacra (IceCv)
  2 acid dragons
  5 hydra simulacra (IceCv)
  Duvessa (D:7)
  10 porcupines
  12 water moccasins
  7 black bears
  4 sky beasts
  An ettin simulacrum (IceCv)
  44 orc warriors
  An ice beast (D:10)
  A phantom (D:4)
  A hornet zombie (D:15)
  19 wolves
  10 centaurs
  12 ogres
  3 boggarts (Lair:6)
  8 crocodiles
  A big kobold (D:9)
  2 wyvern zombies
  16 bullfrogs
  2 gnoll sergeants (D:9)
  Dowan (D:7)
  2 wyvern skeletons
  2 scorpions
  5 killer bees (D:8)
  21 wights
  2 howler monkeys
  2 draconian simulacra (IceCv)
  2 crimson imps
  A bullfrog zombie (D:12)
  3 centaur zombies
  2 lava snakes (Lair:3)
  4 jellies
  2 quasits
  6 hounds
  4 bullfrog skeletons
  32 orc priests
  Crazy Yiuf (D:6)
  21 orc wizards
  3 iguanas
  A spriggan simulacrum (IceCv)
  13 worker ants
  3 troll simulacra (IceCv)
  A wolf simulacrum (IceCv)
  4 centaur simulacra (IceCv)
  A hound zombie (D:5)
  2 hound skeletons
  7 gnolls (D:9)
  2 howler monkey skeletons
  18 adders
  A naga simulacrum (IceCv)
  An ogre simulacrum (IceCv)
  A river rat (D:3)
  5 shadow imps
  7 white imps (IceCv)
  7 ufetubi (IceCv)
  An ooze (D:1)
  An adder zombie (D:5)
  2 adder skeletons
  2 worms
  A dart slug (D:4)
  4 leopard geckos
  140 orcs
  3 ball pythons
  11 bats
  8 giant cockroaches
  4 hobgoblins
  14 jackals
  7 quokkas
  2 frilled lizards (D:1)
  7 goblins
  12 kobolds
  A leopard gecko skeleton (D:4)
  2 quokka skeletons
  15 rats
  4 fungi (Lair:6)
  4 plants (Shoals:3)
1214 creatures vanquished.

Vanquished Creatures (others)
  A black mamba (Snake:4)
  A naga (Snake:3)
  An orc priest (Orc:2)
  8 fungi
  10 plants
21 creatures vanquished.

Grand Total: 1235 creatures vanquished

Notes
Turn   | Place    | Note
-------+----------+-------------------------------------------
     0 | D:1      | RoseArtemis the Minotaur Fighter began the quest for the Orb.
     0 | D:1      | Reached XP level 1. HP: 19/19 MP: 0/0
   340 | D:1      | Reached XP level 2. HP: 27/27 MP: 1/1
   998 | D:2      | Reached XP level 3. HP: 32/33 MP: 2/2
  1106 | D:2      | Noticed an ogre
  1115 | D:2      | Killed an ogre
  1115 | D:2      | Reached XP level 4. HP: 30/41 MP: 3/3
  1303 | D:2      | Reached XP level 5. HP: 47/47 MP: 4/4
  1345 | D:2      | Found a white marble altar of Elyvilon.
  1477 | D:3      | Reached skill level 5 in Axes
  2153 | D:3      | Reached skill level 5 in Armour
  2195 | D:3      | Reached skill level 5 in Fighting
  2541 | D:4      | Noticed a phantom
  2582 | D:4      | Killed a phantom
  2582 | D:4      | Reached XP level 6. HP: 49/56 MP: 5/5
  2884 | D:4      | Found a staircase to the Ecumenical Temple.
  2989 | Temple   | Entered the Ecumenical Temple
  3247 | Temple   | Became a worshipper of Warmaster Okawaru
  3321 | D:4      | Reached XP level 7. HP: 61/61 MP: 6/6
  3822 | D:4      | Found a radiant altar of Vehumet.
  3902 | D:5      | Entered Level 5 of the Dungeon
  4249 | D:5      | Noticed Menkaure
  4254 | D:5      | Killed Menkaure
  4254 | D:5      | Reached * piety under Okawaru
  4254 | D:5      | Reached XP level 8. HP: 23/71 MP: 7/7
  4763 | D:5      | Found a sacrificial altar of Ru.
  5645 | D:6      | Reached skill level 10 in Axes
  5645 | D:6      | HP: 3/74 [something (6)]
  6045 | D:6      | Reached XP level 9. HP: 61/81 MP: 8/8
  6359 | D:6      | Found a runed door.
  6721 | D:6      | Noticed Crazy Yiuf
  6731 | D:6      | Killed Crazy Yiuf
  7013 | D:7      | Noticed Prince Ribbit
  7021 | D:7      | Killed Prince Ribbit
  7021 | D:7      | Reached ** piety under Okawaru
  7024 | D:7      | Noticed Duvessa
  7025 | D:7      | Noticed Dowan
  7036 | D:7      | Killed Duvessa
  7044 | D:7      | Killed Dowan
  7825 | D:7      | Found a basalt altar of Yredelemnul.
  7825 | D:7      | Found a shadowy altar of Dithmenos.
  7951 | D:8      | Found a staircase to the Lair.
  7999 | D:8      | Noticed Psyche
  7999 | D:8      | Noticed Erica
  8013 | D:8      | Killed Psyche
  8018 | D:8      | Killed Erica
  8018 | D:8      | Reached *** piety under Okawaru
  8018 | D:8      | Reached XP level 10. HP: 80/91 MP: 6/9
  8102 | D:8      | Noticed a two-headed ogre
  8116 | D:8      | Killed a two-headed ogre
  8416 | D:8      | Noticed a two-headed ogre
  8426 | D:8      | Killed a two-headed ogre
  8558 | D:8      | Noticed Gastronok
  8581 | D:8      | Reached skill level 10 in Fighting
  8581 | D:8      | Reached skill level 10 in Armour
  8623 | D:8      | Killed Gastronok
  8623 | D:8      | Reached **** piety under Okawaru
  9011 | D:8      | Noticed a moth of wrath
  9013 | D:8      | Found a bloodstained altar of Trog.
  9389 | D:8      | Paralysed by a hornet for 2 turns
  9399 | D:8      | Reached ***** piety under Okawaru
  9399 | D:8      | Reached skill level 4 in Shields
  9406 | D:8      | HP: 4/93 [poisoned by a hornet]
  9412 | D:8      | HP: 2/93 [poisoned by a hornet]
  9418 | D:8      | HP: 2/93 [poisoned by a hornet]
  9426 | D:8      | HP: 2/93 [poisoned by a hornet]
  9804 | D:8      | Noticed a two-headed ogre
  9816 | D:8      | Killed a two-headed ogre
  9816 | D:8      | Reached skill level 1 in Invocations
  9816 | D:8      | Reached XP level 11. HP: 64/99 MP: 9/11
 10102 | D:8      | Reached skill level 5 in Shields
 10323 | D:9      | Noticed a two-headed ogre
 10363 | D:9      | Killed a two-headed ogre
 10363 | D:9      | Received a gift from Okawaru
 10363 | D:9      | Reached skill level 6 in Shields
 10644 | D:9      | Got a steaming morningstar {god gift}
 10645 | D:9      | Identified the +7 morningstar "Tafresoj" {antimagic, rPois Str+5} (Okawaru gifted it to you on level 9 of the Dungeon)
 10770 | D:9      | Reached skill level 1 in Maces & Flails
 11442 | D:9      | Reached skill level 7 in Shields
 11641 | D:10     | Entered Level 10 of the Dungeon
 11641 | D:10     | Noticed Fannar
 11659 | D:10     | Killed Fannar
 11988 | D:10     | Found a staircase to the Orcish Mines.
 12012 | D:10     | Noticed a two-headed ogre
 12016 | D:10     | Killed a two-headed ogre
 12338 | Lair:1   | Entered Level 1 of the Lair of Beasts
 12349 | Lair:1   | Reached skill level 8 in Shields
 12623 | Lair:1   | Got a pitted ring mail
 12638 | Lair:1   | Reached skill level 5 in Maces & Flails
 12707 | Lair:1   | Identified the +5 ring mail of the Shoals {rElec Str+7 Int-5 Dex-3} (You found it on level 1 of the Lair of Beasts)
 13460 | Lair:2   | Reached XP level 12. HP: 100/106 MP: 4/14
 13477 | Lair:2   | Reached skill level 9 in Shields
 13791 | Lair:2   | You fall through a shaft!
 13801 | Lair:3   | Received a gift from Okawaru
 13802 | Lair:3   | Got a steaming battleaxe {god gift}
 14104 | Lair:2   | Noticed a death yak
 14104 | Lair:2   | Noticed a death yak
 14105 | Lair:2   | Noticed a death yak
 14106 | Lair:2   | Noticed a death yak
 14107 | Lair:2   | Noticed a death yak
 14114 | Lair:2   | Killed a death yak
 14119 | Lair:2   | Killed a death yak
 14124 | Lair:2   | Killed a death yak
 14124 | Lair:2   | Reached skill level 5 in Invocations
 14129 | Lair:2   | Killed a death yak
 14133 | Lair:2   | Killed a death yak
 14133 | Lair:2   | Reached skill level 10 in Shields
 14255 | Lair:2   | Reached ****** piety under Okawaru
 14259 | Lair:2   | Found a staircase to the Snake Pit.
 15045 | Lair:3   | Noticed Nergalle
 15059 | Lair:3   | Killed Nergalle
 15240 | Lair:3   | Found a staircase to the Shoals.
 15865 | Lair:4   | Noticed a five-headed hydra
 15872 | Lair:4   | Killed a five-headed hydra
 15984 | Lair:4   | Noticed a six-headed hydra
 15988 | Lair:4   | Killed a six-headed hydra
 15988 | Lair:4   | Reached skill level 11 in Shields
 16328 | Lair:4   | Received a gift from Okawaru
 16440 | Lair:4   | Got a scorched eveningstar {god gift}
 16441 | Lair:4   | Identified the +6 eveningstar of Rotation {elec, rN+} (Okawaru gifted it to you on level 4 of the Lair of Beasts)
 16962 | Lair:5   | Reached XP level 13. HP: 93/113 MP: 5/16
 17266 | Lair:5   | Found a staircase to the Slime Pits.
 17745 | Lair:6   | Entered Level 6 of the Lair of Beasts
 17947 | Lair:5   | Reached skill level 10 in Maces & Flails
 18197 | Lair:6   | Received a gift from Okawaru
 18451 | Lair:6   | Reached skill level 12 in Shields
 19595 | Lair:6   | Got a scorched battleaxe
 19595 | Lair:6   | Got an obsidian-encrusted chain mail
 19598 | Lair:6   | Identified the +2 battleaxe "Wotaekal" {antimagic, rN+++} (Okawaru gifted it to you on level 3 of the Lair of Beasts)
 19599 | Lair:6   | Identified the +4 battleaxe "Guyfum" {freeze, rC+ Str+5 Int-3} (You found it on level 6 of the Lair of Beasts)
 19600 | Lair:6   | Identified the cursed +1 chain mail of the Mind {+Fly Dex+2} (You found it on level 6 of the Lair of Beasts)
 19665 | Lair:6   | Received a gift from Okawaru
 19666 | Lair:6   | Found the +7 Kryia's mail coat {PotionHeal*2 rC+}
 20059 | D:11     | Reached skill level 13 in Shields
 21163 | D:12     | Found Huetzed's Gadget Boutique.
 21333 | D:12     | Reached XP level 14. HP: 104/121 MP: 6/18
 21575 | D:12     | Received a gift from Okawaru
 22246 | Orc:1    | Entered Level 1 of the Orcish Mines
 22301 | Orc:1    | Found Razomeur's General Store.
 22514 | Orc:1    | Found an iron altar of Okawaru.
 22700 | Orc:2    | Entered Level 2 of the Orcish Mines
 23213 | Orc:2    | Found a roughly hewn altar of Beogh.
 23324 | Orc:2    | Reached skill level 14 in Shields
 23721 | Orc:2    | Found Damo's General Store.
 23876 | Orc:2    | Bought a scroll of summoning for 142 gold pieces
 23882 | Orc:2    | Found Dicaic's Antique Weapon Shop.
 23883 | Orc:2    | Noticed an orc warlord
 23907 | Orc:2    | Killed an orc warlord
 23914 | Orc:2    | HP: 6/121 [orc knight/enchanted great mace (35)]
 24747 | Orc:2    | Found a staircase to the Elven Halls.
 25569 | Orc:2    | Found Fanwott's General Store.
 25905 | Orc:2    | Bought a +0 large shield for 72 gold pieces
 25923 | Orc:2    | Noticed an orc warlord
 25967 | Orc:2    | Killed an orc warlord
 25967 | Orc:2    | Received a gift from Okawaru
 26250 | Orc:2    | Found a roughly hewn altar of Beogh.
 26291 | Orc:2    | Found Kiuvuaw's Food Shop.
 26951 | D:13     | Reached skill level 15 in Shields
 27491 | D:13     | Noticed Rupert
 27508 | D:13     | Killed Rupert
 27508 | D:13     | Reached XP level 15. HP: 119/127 MP: 6/20
 27561 | D:13     | Noticed Sonja
 27566 | D:13     | Killed Sonja
 27566 | D:13     | Received a gift from Okawaru
 27589 | D:13     | Reached skill level 15 in Armour
 28215 | D:13     | Found a gate to the Vaults.
 29241 | D:14     | Received a gift from Okawaru
 29847 | D:15     | Entered Level 15 of the Dungeon
 30721 | D:15     | Found a staircase to the Depths.
 30776 | D:15     | Found Vil Ecef's General Store.
 30784 | D:15     | Bought a potion of curing for 30 gold pieces
 30817 | D:15     | Found a portal to a secret trove of treasure.
 30901 | D:15     | Found a glowing golden altar of the Shining One.
 31280 | Snake:1  | Entered Level 1 of the Snake Pit
 31319 | Snake:1  | Reached skill level 16 in Shields
 31692 | Snake:1  | Received a gift from Okawaru
 32736 | Snake:2  | Noticed Roxanne
 32744 | Snake:2  | Reached XP level 16. HP: 130/145 MP: 7/21
 33009 | Snake:2  | Found Jusy's Jewellery Shop.
 33178 | Snake:2  | Noticed Asterion
 33198 | Snake:2  | Killed Asterion
 33198 | Snake:2  | Received a gift from Okawaru
 34831 | Snake:2  | Noticed Kirke
 34834 | Snake:2  | Reached skill level 15 in Fighting
 34843 | Snake:2  | Killed Kirke
 35141 | Snake:2  | Received a gift from Okawaru
 35142 | Snake:2  | Got a slimy war axe {god gift}
 35143 | Snake:2  | Identified the +9 war axe "Qukiacoh" {elec, Int+5 Stlth+} (Okawaru gifted it to you on level 2 of the Snake Pit)
 35372 | Snake:2  | Killed Roxanne
 35373 | Snake:2  | Identified Roxanne's Volume of Earth (You took it off Roxanne on level 2 of the Snake Pit)
 35493 | Snake:3  | Reached skill level 17 in Shields
 36352 | Snake:3  | Received a gift from Okawaru
 36658 | Snake:3  | Got a jewelled plate armour
 36670 | Snake:3  | Identified the cursed +0 plate armour of Grot {rElec Dex+3 Stlth-} (You found it on level 3 of the Snake Pit)
 36963 | Snake:3  | Found Paphapt's Distillery.
 36968 | Snake:3  | Found Lieklisi's General Store.
 36971 | Snake:3  | Bought a potion of ambrosia for 128 gold pieces
 36971 | Snake:3  | Bought a potion of heal wounds for 80 gold pieces
 36971 | Snake:3  | Bought a potion of curing for 48 gold pieces
 36971 | Snake:3  | Bought a potion of curing for 48 gold pieces
 37398 | Snake:4  | Entered Level 4 of the Snake Pit
 37411 | Snake:4  | Found a frozen archway.
 37422 | Snake:4  | Found the ring of Shadows {Umbra +Inv Stlth+}
 37454 | IceCv    | Entered an ice cave
 38302 | IceCv    | Reached XP level 17. HP: 143/158 MP: 7/22
 38428 | IceCv    | Noticed an Ice Fiend
 38456 | IceCv    | Reached skill level 18 in Shields
 38480 | IceCv    | Killed an Ice Fiend
 38480 | IceCv    | Received a gift from Okawaru
 40435 | Snake:4  | Received a gift from Okawaru
 40787 | Snake:4  | Reached skill level 19 in Shields
 40857 | Snake:4  | Got a sapphire spear {god gift}
 41277 | Snake:4  | Received a gift from Okawaru
 41379 | Snake:4  | Got a serpentine rune of Zot
 41974 | Shoals:1 | Entered Level 1 of the Shoals
 42087 | Shoals:1 | Found a runed door.
 42091 | Shoals:1 | Found Ysileclogg's General Store.
 43135 | Shoals:2 | Reached XP level 18. HP: 137/169 MP: 7/23
 43572 | Shoals:2 | Reached skill level 20 in Shields
 44284 | Shoals:3 | Got a brightly glowing shield
 44295 | Shoals:3 | Identified the +0 shield of Poor Excuses {Str+8 Int+4} (You found it on level 3 of the Shoals)
 44606 | Shoals:3 | Noticed Louise
 44611 | Shoals:3 | Noticed Polyphemus
 44618 | Shoals:3 | Noticed Jorgrun
 44779 | Shoals:3 | Killed Louise
 44779 | Shoals:3 | Received a gift from Okawaru
 45054 | Shoals:3 | Killed Polyphemus
 45153 | Shoals:3 | Killed Jorgrun
 45352 | Shoals:4 | Entered Level 4 of the Shoals
 45362 | Shoals:4 | Noticed Ilsuiw
 45933 | Shoals:4 | Killed Ilsuiw
 45951 | Shoals:4 | Received a gift from Okawaru
 45952 | Shoals:4 | Got a transparent trident {god gift}
 45953 | Shoals:4 | Identified the +5 trident of Somewhere Else {venom, rN+ Str+4 Int-2} (Okawaru gifted it to you on level 4 of the Shoals)
 46757 | Shoals:4 | Reached skill level 21 in Shields
 47954 | Shoals:4 | Received a gift from Okawaru
 48560 | Shoals:4 | Got a barnacled rune of Zot
 48707 | Shoals:4 | HP: 4/172 [merfolk/trident (5)]
 48708 | Shoals:4 | Drowned by a water elemental

Vault maps used:
D:1:      matt_arrival_los_fun
D:2:      roderic_serpentine_path, elyvilon_altar_3
D:3:      portal_sewer_entry_e, kennysheep_generic_room_9
D:4:      minmay_temple_entry_statues_pillars, first_ration,
          vehumet_altar_wand_db
D:5:      nicolae_ru_sacrificial_ziggurat, uniq_menkaure
D:6:      cheibrodos_steamvent, uniq_crazy_yiuf_cottage
D:7:      gammafunk_temple_overflow_elements, uniq_duvessa, uniq_prince_ribbit1
D:8:      tgw_trog, lair_entry_dummy, uniq_psyche, uniq_gastronok, uniq_erica
D:9:      special_room
D:10:     orc_0_dummy, uniq_fannar
D:11:     hangedman_fish_farm
D:12:     serial_shops, shop
D:13:     grunt_vaults_entry_fortified, st_stairs_10, uniq_rupert, uniq_sonja
D:14:     lab_entry_generic
D:15:     grunt_enter_depths_magical_seal, lemuel_doored_altar, enter_trove_3,
          serial_shops, shop
Temple:   hc_temple_tempest_star
Lair:1:   serial_bayou_shore_a, grunt_megastairs_5, lemuel_fruit_tree
Lair:2:   minmay_snake_entry_guardpost_medium, st_stairs_3, lemuel_fruit_fields
Lair:3:   elwin_shoals_entry_rocks, st_stairs_13, uniq_nergalle
Lair:4:   grunt_megastairs_2
Lair:5:   dpeg_slime_entry_corner, st_stairs_8
Lair:6:   minmay_lair_end_enchanted_forest
Shoals:1: serial_shops, shop, lightli_airlock
Shoals:2: kb_tengu_band
Shoals:3: uniq_louise, uniq_polyphemus, uniq_jorgrun
Shoals:4: shoals_end_grunt_ice, shoal_ilsuiw
Snake:2:  serial_shops, shop, st_stairs_11, hangedman_snake_corridor_split,
          uniq_asterion, uniq_roxanne, uniq_kirke
Snake:3:  cheibrodos_forgotten_conduit, minmay_shop_star
Snake:4:  snake_pit, portal_ice_cave_entry_pillars_four
Orc:1:    basic_altar, serial_shops, nicolae_shop_statue_plus,
          okawaru_metal_pillars_1_2
Orc:2:    pubby_orc_utopia
IceCv:    ice_cave_caverns_01

Skill      XL: |  1  2  3  4  5  6  7  8  9 10 11 12 13 14 15 16 17 18 |
---------------+-------------------------------------------------------+-----
Axes           | 3 4 6 8 10 12 14 | 14.0
Armour         | 4 5 6 7 9 11 12 13 14 16 17 18 19 | 19.2
Fighting       | 4 5 6 7 9 10 13 15 17 18 | 18.0
Shields        | 4 8 11 13 15 16 17 19 21 | 21.3
Invocations    | 1 4 6 7 8 |  8.0
Maces & Flails | 5 9 11 13 | 13.7

Action                   |  1- 3 |  4- 6 |  7- 9 | 10-12 | 13-15 | 16-18 || total
-------------------------+-------+-------+-------+-------+-------+-------++-------
Melee: War axe           |    69 |   144 |   237 |       |       |   475 ||   925
       Headbutt          |    10 |    13 |    73 |   144 |   399 |   536 ||  1175
       Hand axe          |       |       |    54 |   207 |       |       ||   261
       Morningstar       |       |       |       |   423 |  1591 |  1268 ||  3282
Invok: Heroism           |       |       |     5 |     5 |     7 |    10 ||    27
       Finesse           |       |       |       |       |     3 |     6 ||     9
  Use: Scroll            |     6 |     4 |    10 |     7 |    13 |     8 ||    48
       Potion            |       |       |     2 |    10 |    15 |    18 ||    45
 Stab: Petrified         |       |       |       |       |     1 |     6 ||     7
       Fleeing           |       |       |       |       |       |     2 ||     2
       Sleeping          |       |       |       |       |       |     1 ||     1
  Eat: Chunk             |     1 |     6 |    12 |    16 |    43 |    14 ||    92
       Ration            |       |       |     1 |     4 |     3 |    11 ||    19
Armor: Scale mail        |    32 |    74 |    63 |       |   336 |   555 ||  1060
       Plate armour      |       |       |    60 |   322 |   284 |       ||   666
Dodge: Dodged            |    29 |    37 |    54 |   127 |   425 |   530 ||  1202
Block: Shield            |    36 |    76 |   133 |   423 |  1214 |   791 ||  2673
       Large shield      |       |       |       |       |       |   701 ||   701

Table legend:
 A = Spawn XP
 B = Non-spawn XP
 C = Spawn XP percentage of total XP
 D = Spawn monster count
 E = Non-spawn monster count
 F = Spawn count percentage of total count
 G = Total turns spent on level
                    A         B        C        D         E        F      G
               +---------+---------+-------+---------+---------+-------+---------
         Total |       0 |  367653 |   0.0 |       0 |    1209 |   0.0 | 48708
               +---------+---------+-------+---------+---------+-------+---------
           D:1 |       0 |      34 |   0.0 |       0 |      21 |   0.0 |   834
           D:2 |       0 |     182 |   0.0 |       0 |      19 |   0.0 |   630
           D:3 |       0 |     145 |   0.0 |       0 |      35 |   0.0 |  1057
           D:4 |       0 |     428 |   0.0 |       0 |      20 |   0.0 |  1102
           D:5 |       0 |     750 |   0.0 |       0 |      19 |   0.0 |  1022
           D:6 |       0 |    1726 |   0.0 |       0 |      46 |   0.0 |  2079
           D:7 |       0 |     843 |   0.0 |       0 |      12 |   0.0 |   948
           D:8 |       0 |    8238 |   0.0 |       0 |      35 |   0.0 |  2660
           D:9 |       0 |    3555 |   0.0 |       0 |      63 |   0.0 |  1089
          D:10 |       0 |    2860 |   0.0 |       0 |      23 |   0.0 |   736
          D:11 |       0 |    3570 |   0.0 |       0 |      29 |   0.0 |  1209
          D:12 |       0 |    8069 |   0.0 |       0 |      24 |   0.0 |  1374
          D:13 |       0 |   17158 |   0.0 |       0 |      49 |   0.0 |  1431
          D:14 |       0 |    9373 |   0.0 |       0 |      29 |   0.0 |  1650
          D:15 |       0 |   14579 |   0.0 |       0 |      34 |   0.0 |   922
        Lair:1 |       0 |    2737 |   0.0 |       0 |      15 |   0.0 |  1099
        Lair:2 |       0 |    9484 |   0.0 |       0 |      33 |   0.0 |  1328
        Lair:3 |       0 |    2389 |   0.0 |       0 |       7 |   0.0 |  1101
        Lair:4 |       0 |    4655 |   0.0 |       0 |      17 |   0.0 |  1171
        Lair:5 |       0 |    5745 |   0.0 |       0 |      24 |   0.0 |  1620
        Lair:6 |       0 |   15953 |   0.0 |       0 |      66 |   0.0 |  1410
      Shoals:1 |       0 |   11187 |   0.0 |       0 |      26 |   0.0 |  1084
      Shoals:2 |       0 |   13462 |   0.0 |       0 |      33 |   0.0 |   870
      Shoals:3 |       0 |   27901 |   0.0 |       0 |      38 |   0.0 |  2878
      Shoals:4 |       0 |   38561 |   0.0 |       0 |      60 |   0.0 |  1902
       Snake:1 |       0 |   16082 |   0.0 |       0 |      29 |   0.0 |  1741
       Snake:2 |       0 |   34044 |   0.0 |       0 |      53 |   0.0 |  3026
       Snake:3 |       0 |   22381 |   0.0 |       0 |      37 |   0.0 |  2044
       Snake:4 |       0 |   54819 |   0.0 |       0 |      90 |   0.0 |  2195
         Orc:1 |       0 |    1722 |   0.0 |       0 |      16 |   0.0 |   808
         Orc:2 |       0 |   23550 |   0.0 |       0 |     148 |   0.0 |  3772
         IceCv |       0 |   11471 |   0.0 |       0 |      59 |   0.0 |  1637
               +---------+---------+-------+---------+---------+-------+---------
